 Dungeon Crawl Stone Soup version 0.19-a0-262-g5df7875 (webtiles) character file.

172 oplop the Sneak (level 5, -8/27 HPs)
             Began as a Vine Stalker Assassin on May 26, 2016.
             Mangled by Menkaure (12 damage)
             ... on level 4 of the Dungeon.
             The game lasted 00:03:47 (2010 turns).

oplop the Sneak (Vine Stalker Assassin)             Turns: 2010, Time: 00:03:48

Health: -8/27      AC:  3    Str: 13    XL:     5   Next: 53%
Magic:  0/15       EV: 12    Int: 11    God:
Gold:   171        SH:  0    Dex: 17    Spells: 0 memorised, 4 levels left

rFire  . . .     SeeInvis .     a - +2 dagger
rCold  . . .     Gourm    .     c - +0 robe
rNeg   . . .     Faith    .     (no shield)
rPois  .         Spirit   +     (no helmet)
rElec  .         Dismiss  .     d - +0 cloak
rCorr  +         Reflect  .     (no gloves)
SustAt .         Harm     .     (no boots)
MR     .....                    (no amulet)
Stlth  +++.......               q - ring of resist corrosion
                                l - ring of magical power

@: invisible, not resistant to hostile enchantments, fairly stealthy
A: fangs 2, regeneration 1, magic shield, antimagic bite, no device heal 3, rot
immunity
a: no special abilities


You were on level 4 of the Dungeon.
You were hungry.

You visited 1 branch of the dungeon, and saw 4 of its levels.

You collected 171 gold pieces.

Inventory:

Hand Weapons
 a - a +2 dagger (weapon)
 b - a +0 blowgun
Missiles
 e - 21 poisoned needles
 f - 2 curare-tipped needles
Armour
 c - a +0 robe (worn)
 d - a +0 cloak (worn)
Jewellery
 l - a ring of magical power (left hand)
 q - a ring of resist corrosion (right hand)
Scrolls
 m - a scroll of blinking
 n - a scroll of fog
 o - a scroll of teleportation
 p - a scroll of identify
 w - a scroll of remove curse
 x - a scroll of recharging {unknown}
Potions
 i - 2 potions of curing {unknown}
 k - 2 potions of flight
 r - 2 potions of haste {unknown}
 s - 2 potions of agility {unknown}
 t - a potion of cure mutation {unknown}
 u - a potion of might {unknown}
 v - a potion of cancellation {unknown}
Comestibles
 g - a bread ration
 h - 2 meat rations


   Skills:
 + Level 2.5 Fighting
 + Level 3.0 Short Blades
 + Level 2.6 Throwing
 + Level 1.8 Dodging
 + Level 5.7 Stealth


You had 4 spell levels left.
You didn't know any spells.

Dungeon Overview and Level Annotations

Branches:
Dungeon (4/15)
 Temple: D:4-7

Altars:
Fedhas
Trog
The Shining One

Annotations:
D:4 Menkaure


Innate Abilities, Weirdness & Mutations

You have extremely sharp teeth.
Your natural rate of healing is unusually fast.
When hurt, damage is shared between your health and your magic reserves.
Your bite disrupts and absorbs the magic of your enemies.
Potions and wands cannot restore your health.
You are immune to rotting.


Message History

A quokka is nearby!
Menkaure, Prince of Dust comes into view.
Found a scroll of identify.
Found a pearl ring.
Menkaure shouts!
You hear a bark!
Menkaure hits you!
You hit Menkaure but do no damage. Menkaure hits you!
You hit Menkaure.
Menkaure is lightly damaged.
You hit Menkaure but do no damage.
Menkaure is lightly damaged.
Menkaure hits you!
* * * LOW HITPOINT WARNING * * *
You are too injured to fight recklessly!
You are too injured to fight recklessly!
Drink which item? (? for menu, Esc to quit)
It was a potion of invisibility.
You fade into invisibility!
Menkaure hits you!
You die...

.......# .....=#
......# .....# #
#....#
#.####....#
........M.#
.....r.@..#
........###
#.#####.####
#.#........#
...........#
......!....#
...........#####
...............#
....##########[#


You could see Menkaure and a quokka.

Vanquished Creatures
  An orc wizard (D:3)
  5 adders
  An ooze (D:2)
  A worm (D:3)
  3 dart slugs
  4 giant geckos
  5 orcs (D:3)
  6 bats (D:1)
  5 giant cockroaches
  10 goblins
  5 hobgoblins
  9 jackals
  7 kobolds
  2 quokkas (D:2)
  3 giant newts
  7 rats (D:3)
74 creatures vanquished.

Notes
Turn   | Place    | Note
--------------------------------------------------------------
     0 | D:1      | oplop the Vine Stalker Assassin began the quest for the Orb.
     0 | D:1      | Reached XP level 1. HP: 11/11 MP: 2/2
   113 | D:1      | Reached skill level 1 in Dodging
   113 | D:1      | Reached XP level 2. HP: 13/15 MP: 3/3
   402 | D:1      | Reached skill level 5 in Stealth
   402 | D:1      | Reached XP level 3. HP: 16/18 MP: 2/4
   632 | D:2      | Found a bloodstained altar of Trog.
   763 | D:2      | Reached XP level 4. HP: 21/23 MP: 5/5
   877 | D:2      | Found a glowing golden altar of the Shining One.
   877 | D:2      | Found a blossoming altar of Fedhas.
  1599 | D:3      | Reached XP level 5. HP: 20/27 MP: 6/6
  2002 | D:4      | Noticed Menkaure
  2010 | D:4      | Mangled by Menkaure

Vault maps used:
D:1:      saegor_arrival_simple_b
D:2:      lemuel_doored_altar, gammafunk_temple_overflow_wave
D:3:      hangedman_abyss_or_decor_stabs
D:4:      minmay_door_path, marbit_many_paths, uniq_menkaure

Skill      XL: |  1  2  3  4  5 |
---------------+----------------+-----
Short Blades   | 2 3 |  3.0
Dodging        | 1 |  1.8
Fighting       | 2 |  2.5
Throwing       | 2 |  2.6
Stealth        | 5 |  5.7

Action                   |  1- 3 |  4- 6 || total
-------------------------+-------+-------++-------
Melee: Dagger            |   101 |   114 ||   215
       Bite              |    19 |    29 ||    48
 Fire: Blowgun           |       |    13 ||    13
  Use: Scroll            |       |     5 ||     5
       Potion            |       |     2 ||     2
 Stab: Sleeping          |     8 |    11 ||    19
       Distracted        |       |     1 ||     1
  Eat: Chunk             |       |     3 ||     3
Armor: Robe              |    26 |    12 ||    38
Dodge: Dodged            |    89 |    57 ||   146
